 Dungeon Crawl Stone Soup version 0.27.1-2-g3b301248ec (webtiles) character file.

Game seed: 9104381114535509865

226 nxtlvl the Chopper (level 5, -9/67 HPs)
             Began as a Draconian Berserker on Sept 30, 2021.
             Was a Believer of Trog.
             Mangled by an orc warrior (17 damage)
             ... on level 6 of the Dungeon.
             The game lasted 00:06:13 (712 turns).

nxtlvl the Chopper (Draconian Berserker)             Turns: 712, Time: 00:06:14

Health: -9/67      AC:  7    Str: 19    XL:     5   Next: 69%
Magic:  5/5        EV: 12    Int:  7    God:    Trog [**....]
Gold:   44         SH:  0    Dex: 10    Spells: 4/4 levels left

rFire    + + +     SeeInvis .   b - +9 flail of Expedience {vamp, rElec rF+++ rC- rCorr}
rCold    x . .     Faith    .   (no shield)
rNeg     . . .     Spirit   .   (armour unavailable)
rPois    .         Reflect  .   (helmet restricted)
rElec    +         Harm     .   c - +0 cloak
rCorr    +         Rampage  .   (no gloves)
Will     .....     Rnd*Tele +   (no boots)
Stlth    ..........             (no amulet)
HPRegen  0.21/turn              (no ring)
MPRegen  0.09/turn              (no ring)

@: berserking, very quick
A: AC +5, unfitting armour, cold-blooded, claws 1, clumsy 1, shaggy fur 1,
teleportitis 1
a: Renounce Religion, Berserk, Trog's Hand


You were on level 6 of the Dungeon.
You worshipped Trog.
Trog was pleased with you.
You visited 1 branch of the dungeon, and saw 7 of its levels.

You collected 44 gold pieces.

Inventory:

Hand Weapons
 a - a +0 hand axe
 b - the +9 flail of Expedience (weapon) {vamp, rElec rF+++ rC- rCorr}
   (You found it on level 4 of the Dungeon)

   It occasionally heals its wielder for a portion of the damage dealt when it
   wounds a living foe.
   rF:        It renders you almost immune to fire.
   rC:        It makes you vulnerable to cold.
   rElec:     It insulates you from electricity.
   rCorr:     It protects you from acid and corrosion.
Missiles
 e - 8 atropa-tipped darts (quivered)
 h - 5 boomerangs
 j - 23 bolts
Armour
 c - a +0 cloak (worn)
Scrolls
 d - a scroll of enchant weapon {unknown}
 f - a scroll of fog {unknown}
 k - a scroll of identify {unknown}
 l - a scroll of torment {unknown}
 m - 3 scrolls of teleportation {unknown}


   Skills:
 - Level 3.2 Fighting
 * Level 6.5 Axes
 - Level 2.6 Dodging


You had 4 spell levels left.
You didn't know any spells.
Your spell library contained the following spells:

 Spells                   Type           Power      Damage    Failure   Level
 Call Canine Familiar     Summ           0%         N/A       80%         3
 Dazzling Flash           Conj/Hex       0%         N/A       80%         3
 Portal Projectile        Hex/Tloc       0%         N/A       80%         3
 Leda's Liquefaction      Hex/Erth       0%         N/A       99%         4
 Agony                    Necr           0%         N/A       100%        5
 Silence                  Hex/Air        0%         N/A       100%        5


Dungeon Overview and Level Annotations

Branches:
Dungeon (7/15)
 Temple: D:4-7

Altars:


Innate Abilities, Weirdness & Mutations

Your plain brown scales are hard. (AC +5)
You cannot fit into any form of body armour.
You are cold-blooded and may be slowed by cold attacks.
You have sharp fingernails.
You are clumsy. (Dex -2)
You are covered in fur. (AC +1)
You are occasionally teleported next to monsters.


Message History

You hear a shout!
The orc warrior shouts!
There is a stone staircase leading up here.
The bullfrog hits you. The bullfrog barely misses you.
The orc wizard barely misses you.
In your confused state, you trip and fall back down the stairs.
The orc warrior closely misses you. The bullfrog hits you.
Unknown command.
It was a potion of mutation.
You feel extremely strange.
Your fingernails lengthen.
You feel weirdly uncertain.
You feel clumsy. Fur sprouts all over your body. The bullfrog hits you.
The orc warrior hits you from afar with a +0 trident.
The bullfrog barely misses you. The orc wizard closely misses you.
It was a potion of berserk rage.
A red film seems to cover your vision as you go berserk!
You feel yourself moving faster!
You feel mighty!
The orc warrior hits you from afar with a +0 trident!
The orc wizard mumbles some strange words.
The orc wizard flickers and vanishes!
Deactivating autopickup; reactivate with Ctrl-A.
The bullfrog hits you but does no damage.
The orc wizard hits you but does no damage.
You feel a strong urge to attack something.
The bullfrog hits you.
The orc warrior hits you with a +0 trident!!
* * * LOW HITPOINT WARNING * * *
You barely miss the orc warrior. The bullfrog completely misses you.
The orc wizard closely misses you. The orc warrior closely misses you.
The bullfrog hits you but does no damage.
You feel less confused.
The orc wizard hits you with a +0 dagger.
* * * LOW HITPOINT WARNING * * *
The orc warrior barely misses you. The bullfrog completely misses you.
There is a stone staircase leading up here.
You barely miss the orc wizard.
Your tail-slap misses the orc wizard.
The bullfrog hits you.
* * * LOW HITPOINT WARNING * * *
The orc wizard barely misses you.
The orc warrior hits you from afar with a +0 trident!
You die...

### ..# #.#
#o# #{#
#######o#
#.......##
#.....F@o#
##########
###########
#..<........
#.#.######..
# #.# ..
#.###.##
.#.#.#...<..#


You could see an orc warrior, a bullfrog, an orc wizard and an orc.

Vanquished Creatures
  A necrophage (D:7)
  A wight (D:7)
  A jelly (D:7)
  A mummy (D:7)
  An adder (D:4)
  3 dart slugs
  An orc (D:3)
  5 endoplasms
  2 hobgoblins (D:1)
  A quokka (D:3)
  7 ball pythons
  5 frilled lizards
  4 goblins
  4 kobolds
  3 rats
40 creatures vanquished.

Notes
Turn   | Place    | Note
-------+----------+-------------------------------------------
     0 | D:1      | nxtlvl the Draconian Berserker began the quest for the Orb.
     0 | D:1      | Reached XP level 1. HP: 19/19 MP: 1/1
   142 | D:1      | Reached XP level 2. HP: 21/26 MP: 2/2
   361 | D:3      | Reached skill level 4 in Axes
   392 | D:3      | Noticed an ice beast
   433 | D:3      | Reached ** piety under Trog
   465 | D:3      | Reached XP level 3. HP: 6/31 MP: 3/3
   501 | D:4      | HP: 1/31 [goblin (1)]
   522 | D:5      | Entered Level 5 of the Dungeon
   527 | D:5      | Noticed an ogre
   546 | D:4      | Identified the +9 flail of Expedience {vamp, rElec rF+++
                  | rC- rCorr}
   606 | D:4      | You fall into a shaft and drop 3 floors!
   614 | D:7      | Reached skill level 5 in Axes
   614 | D:7      | Reached XP level 4. HP: 26/38 MP: 4/4
   624 | D:7      | Noticed a necrophage
   635 | D:7      | Killed a necrophage
   636 | D:7      | Reached skill level 6 in Axes
   636 | D:7      | Reached XP level 5. HP: 45/45 MP: 5/5
   646 | D:7      | Noticed a necrophage
   704 | D:6      | Noticed an orc warrior
   707 | D:6      | Gained mutation: You have sharp fingernails. [potion of
                  | mutation]
   707 | D:6      | Gained mutation: You are occasionally teleported next to
                  | monsters. [potion of mutation]
   707 | D:6      | Gained mutation: You are clumsy. (Dex -2) [potion of
                  | mutation]
   707 | D:6      | Gained mutation: You are covered in fur. (AC +1) [potion of
                  | mutation]
   712 | D:6      | Mangled by an orc warrior

Illustrated notes

Levels and vault maps discovered:
D:1:      evilmike_arrival_crescent, layout_basic, chequers_jeans
D:2:      layout_basic, basic_ecumenical_altar
D:3:      layout_rooms, nzn_wu_jian_contemplation, minmay_curled_crystal,
          st_stairs_9
D:4:      layout_gridville, mainiacjoe_overflow_catwalk_spiral
D:5:      layout_loops_cross, nicolae_kikubaaqudgha_miasma_corner,
          mainiacjoe_overflow_tiny_flanked, grunt_decor_clamped,
          kennysheep_generic_room_7, uniq_edmund
D:6:      layout_basic, evilmike_ruin_ashenzari
D:7:      layout_cave_pools, minmay_temple_entry_crystal_x, serial_undead,
          serial_undead_f, serial_undead_b, serial_undead_d, serial_undead_e,
          serial_undead_a, serial_undead_e, serial_undead_f

Skill      XL: |  1  2  3  4 |
---------------+-------------+-----
Axes           | 4 5 6 |  6.5
Fighting       | |  3.2
Dodging        | |  2.6

Action                   |  1- 3 |  4- 6 || total
-------------------------+-------+-------++-------
Melee: Hand axe          |    77 |       ||    77
       Tailslap          |    10 |       ||    10
       Flail             |    10 |     9 ||    19
Throw: Dart              |     2 |       ||     2
Invok: Berserk           |     2 |     1 ||     3
  Use: Potion            |       |     2 ||     2
Armor: Skin              |    16 |     5 ||    21
Dodge: Dodged            |    36 |    16 ||    52
